 Dungeon Crawl Stone Soup version 0.26-a0-738-g91b530ce93 (webtiles) character file.

Game seed: 3852772209583641246

27794 Arkorax the Severer (level 13, -5/123 HPs)
             Began as a Deep Dwarf Fighter on Nov 5, 2020.
             Was a High Priest of Makhleb.
             Killed from afar by a bog body (24 damage)
             ... with a bolt of cold
             ... on level 4 of the Lair of Beasts.
             The game lasted 00:15:00 (10386 turns).

Arkorax the Severer (Deep Dwarf Fighter)           Turns: 10386, Time: 00:15:01

Health: -5/123     AC: 16    Str: 23    XL:     13   Next: 6%
Magic:  15/15      EV: 22    Int:  9    God:    Makhleb [*****.]
Gold:   824        SH: 13    Dex: 14    Spells: 12/12 levels left

rFire    . . .     SeeInvis +   Q - +2 war axe (vorpal)
rCold    . . .     Faith    .   c - +0 kite shield
rNeg     . . .     Spirit   .   D - +4 chain mail {rPois}
rPois    +         Reflect  .   G - +1 helmet
rElec    .         Harm     .   s - scarf {+Inv}
rCorr    .         Rampage  .   (no gloves)
MR       ++...                  v - +0 pair of boots
Stlth    ..........             g - amulet of the acrobat
HPRegen  0.00/turn              H - ring of protection from magic
MPRegen  0.14/turn              r - ring of see invisible

@: acrobat, non-regenerating, lightly drained
A: damage resistance, heal wounds, sense surroundings 2, no regeneration
a: Heal Wounds, Minor Destruction, Lesser Servant of Makhleb, Major Destruction,
Greater Servant of Makhleb, Renounce Religion, Evoke Invisibility


You were on level 4 of the Lair of Beasts.
You worshipped Makhleb.
Makhleb was extremely pleased with you.
You visited 3 branches of the dungeon, and saw 16 of its levels.

You collected 1127 gold pieces.
You spent 303 gold pieces at shops.

Inventory:

Hand Weapons
 u - a +2 flail of protection
 w - a +0 broad axe
 Q - a +2 vorpal war axe (weapon)
Missiles
 F - 5 javelins (quivered)
Armour
 c - a +0 kite shield (worn)
 s - a scarf of invisibility (worn)
 v - a +0 pair of boots (worn)
 D - a +4 chain mail of poison resistance (worn)
 G - a +1 helmet (worn)
Jewellery
 g - an amulet of the acrobat (around neck)
 r - a ring of see invisible (right hand)
 A - an uncursed ring of positive energy
 H - a ring of protection from magic (left hand)
 V - a cursed ring of teleportation {unknown}
Wands
 a - a wand of iceblast (13)
 x - a wand of random effects (37)
 y - a wand of disintegration (29)
 K - a wand of flame (27)
 L - a wand of polymorph (7)
 T - a wand of acid (8)
 X - a wand of enslavement (11)
 Y - a wand of paralysis (13)
Scrolls
 d - a scroll of magic mapping
 k - 6 scrolls of teleportation
 l - 5 scrolls of fear
 m - a scroll of immolation
 p - a scroll of noise
 q - a scroll of enchant armour
 t - 2 scrolls of amnesia
 z - 2 scrolls of summoning
 M - a scroll of fog
 N - 2 scrolls of remove curse
 P - 2 scrolls of enchant weapon
Potions
 b - 2 potions of might
 e - 2 potions of brilliance {unknown}
 f - 3 potions of resistance
 h - a potion of invisibility {unknown}
 i - 3 potions of haste
 j - 3 potions of lignification {unknown}
 n - 2 potions of flight {unknown}
 o - 7 potions of curing
 B - 2 potions of mutation {unknown}
 E - a potion of ambrosia {unknown}
 I - 2 potions of heal wounds {unknown}
 J - 2 potions of berserk rage {unknown}
 O - 3 potions of degeneration {unknown}
 S - a potion of stabbing {unknown}
 W - a potion of magic {unknown}
Miscellaneous
 R - a tin of tremorstones (3/3)


   Skills:
 + Level 9.8 Fighting
 * Level 15.1 Axes
 - Level 3.2 Armour
 + Level 11.5(11.4) Shields
 + Level 12.0 Invocations


You had 12 spell levels left.
You didn't know any spells.
Your spell library contained the following spells:

 Spells                   Type           Power        Failure   Level
 Corona                   Hex            #......      99%         1
 Poisonous Vapours        Pois/Air       #.....       100%        2
 Slow                     Hex            #.......     100%        2
 Confusing Touch          Hex            #.......     100%        3
 Gell's Gravitas          Tloc           #.........   100%        3
 Inner Flame              Hex/Fire       #.......     100%        3
 Portal Projectile        Hex/Tloc       #.....       100%        3
 Tukima's Dance           Hex            #.......     100%        3
 Airstrike                Air            #.........   100%        4
 Cause Fear               Hex            #.........   100%        4
 Leda's Liquefaction      Hex/Erth       #.........   100%        4
 Petrify                  Tmut/Erth      #.......     100%        4
 Lightning Bolt           Conj/Air       #.........   100%        5
 Metabolic Englaciation   Hex/Ice        #.........   100%        5
 Silence                  Hex/Air        #.........   100%        5
 Yara's Violent Unravell  Hex/Tmut       #.........   100%        5


Dungeon Overview and Level Annotations

Branches:
Dungeon (11/15)            Temple (1/1) D:4            Lair (3/6) D:9
  Swamp (0/4) Lair:4       Spider (0/4) Lair:2          Orc (0/2) D:9

Altars:
Ashenzari
Cheibriados
Dithmenos
Elyvilon
Fedhas
Gozag
Hepliaklqana
Kikubaaqudgha
Makhleb
Nemelex Xobeh
Okawaru
Qazlal
Ru
Sif Muna
Trog
Uskayaw
Vehumet
Wu Jian
Xom
Yredelemnul
Zin
The Shining One
Beogh

Shops:
D:5 *   D:10 *   D:11 *[:=}

Annotations:
D:8 3 runed translucent doors, Ozzies's ghost, novice GrFi
Lair:3 exclusion: oklob plant


Innate Abilities, Weirdness & Mutations

You are resistant to damage.
You can heal yourself by infusing magical energy.
You passively map the area around you.
You do not regenerate.


Message History

Makhleb accepts your kill.
You feel better.
You hit the bog body. The bog body touches you! The bog body freezes you!!
A bog body comes into view.
The bog body misses you.
Found a staircase to the Swamp.
An electric eel comes into view.
Your white imp hits the bog body.
Your white imp freezes the bog body.
The bog body resists.
The bog body touches you. The bog body freezes you!
* * * LOW HITPOINT WARNING * * *
A bog body comes into view.
The electric eel shoots out a bolt of lightning at you!
The bolt of electricity hits you!
* * * LOW HITPOINT WARNING * * *
The bog body gestures at you while chanting.
The bolt of cold misses you. The bolt of cold hits your white imp.
Your white imp resists.
The bog body gestures at you while chanting.
The bolt of cold hits you!!
You die...

## ###* *
.######P.## *♣♣♣♣♣♣
* .......P...
*§≈§≈♣ .....≈≈≈≈≈.,
§§§;♣ , , , , ,
)....≈≈≈≈≈. ,♣≈n§§♣
,
.....≈≈≈≈≈..♣♣§§n§♣
*
((..........♣♣≈♣.§
* , ,
.(#....#..).♣♣≈..♣♣
**, *
(.(.........♣♣≈♣@≈♣
..#†........♣♣≈..≈♣
, ,
###.........♣♣≈♣5n♣
*
##.........♣♣≈.5≈♣
* ,,
#..........♣♣≈♣.3♣
*
#.###.......♣≈..≈♣
* *
####.##>....♣≈.♣≈♣,
** ,
#####..#.♣≈..≈♣
###..♣≈..≈♣


You could see 3 bog bodies, an electric eel, a friendly neqoxec (summoned), a
friendly white imp (summoned) and a friendly shadow imp (summoned).

Vanquished Creatures
  2 hydras
  A two-headed ogre (D:11)
  Sonja (Lair:4)
  A bog body (Lair:4)
  Pikel (D:6)
  3 cyclopes
  A black mamba (Lair:2)
  6 elephants (Lair:2)
  A centaur skeleton (D:11)
  5 cane toads
  5 komodo dragons
  2 rime drakes
  2 polar bears (Lair:3)
  A troll (D:10)
  A blink frog (Lair:4)
  3 slime creatures (D:11)
  3 wyverns (D:9)
  4 basilisks
  A wraith (D:7)
  20 yaks
  A warg (D:9)
  A steam dragon (D:9)
  Edmund (D:4)
  A swamp worm (Lair:4)
  4 water moccasins
  A soldier ant (D:11)
  5 orc warriors
  4 sky beasts
  2 ice beasts
  4 black bears
  2 wolves (Lair:1)
  2 phantoms (D:5)
  A necrophage (D:11)
  6 ogres
  4 centaurs
  3 big kobolds
  14 bullfrogs
  3 scorpions
  10 wights
  53 killer bees
  3 howler monkeys
  An electric eel (Lair:4)
  A quasit (D:10)
  7 orc priests
  6 jellies
  8 orc wizards
  7 hounds
  A gnoll shaman (D:8)
  A bullfrog skeleton (D:5)
  2 iguanas
  7 worker ants
  A hound zombie (D:8)
  4 hound skeletons
  2 worker ant zombies
  4 gnolls (D:8)
  A howler monkey skeleton (D:8)
  16 adders
  A shadow imp (D:8)
  2 white imps (D:9)
  4 oozes
  An ufetubus (D:5)
  2 adder skeletons
  2 adder zombies
  2 worms
  3 dart slugs
  6 leopard geckos
  31 orcs
  3 ball pythons
  2 bat zombies (D:2)
  4 giant cockroaches
  8 goblins
  5 hobgoblins
  3 jackals
  3 quokkas
  5 bats
  3 frilled lizards
  A jackal skeleton (D:5)
  16 kobolds
  3 leopard gecko skeletons (D:4)
  15 rats
383 creatures vanquished.

Vanquished Creatures (collateral kills)
  Fannar (Lair:1)
  A hydra (Lair:3)
  An orb spider (Lair:2)
  5 elephants (Lair:2)
  A black mamba (Lair:4)
  2 cane toads (Lair:1)
  A komodo dragon (Lair:1)
  A yak (Lair:1)
  3 wolves (Lair:1)
  2 electric eels (Lair:4)
18 creatures vanquished.

Vanquished Creatures (others)
  13 fungi
  26 plants
  3 withered plants (D:2)
42 creatures vanquished.

Grand Total: 443 creatures vanquished

Notes
Turn   | Place    | Note
-------+----------+-------------------------------------------
     0 | D:1      | Arkorax the Deep Dwarf Fighter began the quest for the Orb.
     0 | D:1      | Reached XP level 1. HP: 20/20 MP: 1/1
   123 | D:1      | Reached XP level 2. HP: 20/27 MP: 2/2
   343 | D:2      | Reached skill level 3 in Axes
   392 | D:2      | Reached XP level 3. HP: 12/34 MP: 3/3
   695 | D:2      | Reached XP level 4. HP: 27/42 MP: 4/4
   764 | D:2      | You fall into a shaft and drop 1 floor!
   817 | D:3      | Reached skill level 4 in Axes
   961 | D:3      | Reached XP level 5. HP: 25/49 MP: 5/5
  1309 | D:4      | Noticed an ogre
  1311 | D:4      | Reached skill level 5 in Axes
  1325 | D:4      | Killed an ogre
  1325 | D:4      | Reached XP level 6. HP: 47/57 MP: 6/6
  1332 | D:4      | Noticed Edmund
  1349 | D:4      | Killed Edmund
  1349 | D:4      | Reached skill level 6 in Axes
  1349 | D:4      | Reached skill level 5 in Shields
  1392 | D:4      | Found a staircase to the Ecumenical Temple.
  1402 | D:4      | Reached XP level 7. HP: 51/66 MP: 7/7
  1410 | Temple   | Entered the Ecumenical Temple
  1539 | Temple   | Became a worshipper of Makhleb the Destroyer
  1827 | D:4      | Reached skill level 1 in Invocations
  2208 | D:5      | Entered Level 5 of the Dungeon
  2214 | D:5      | Reached skill level 7 in Axes
  2270 | D:5      | Reached XP level 8. HP: 51/73 MP: 8/10
  2338 | D:5      | Reached * piety under Makhleb
  2418 | D:5      | Reached skill level 5 in Fighting
  2507 | D:5      | Found Keeric's Assorted Antiques.
  2518 | D:5      | Bought a glowing chain mail for 225 gold pieces
  2893 | D:5      | Reached skill level 8 in Axes
  3259 | D:6      | Noticed Pikel
  3289 | D:6      | Killed Pikel
  3289 | D:6      | Reached skill level 9 in Axes
  3289 | D:6      | Reached skill level 5 in Invocations
  3289 | D:6      | Gained mutation: You passively map the area around you.
                  | [Deep Dwarf growth]
  3289 | D:6      | Reached XP level 9. HP: 73/82 MP: 12/12
  3627 | D:6      | Found a white marble altar of Elyvilon.
  4028 | D:7      | Reached ** piety under Makhleb
  4457 | D:7      | Found a bloodstained altar of Trog.
  4610 | D:7      | Reached skill level 10 in Axes
  4666 | D:7      | Noticed a five-headed hydra
  4810 | D:8      | You fall into a shaft and drop 3 floors!
  4810 | D:11     | Found Iroxkiri's Jewellery Emporium.
  4846 | D:11     | Found Rorghof's General Store.
  4852 | D:11     | Noticed a four-headed hydra
  4854 | D:11     | Reached XP level 10. HP: 61/92 MP: 14/14
  4857 | D:10     | Entered Level 10 of the Dungeon
  5218 | D:10     | Reached skill level 11 in Axes
  5227 | D:10     | Reached *** piety under Makhleb
  5573 | D:9      | Noticed a cyclops
  5584 | D:9      | Killed a cyclops
  5753 | D:9      | Found a staircase to the Orcish Mines.
  6074 | D:9      | Found the +2 ratskin cloak {*Rats rPois rN+ Str-1 Int-1
                  | Dex+1}
  6256 | D:9      | Found a staircase to the Lair.
  6778 | D:8      | Reached skill level 12 in Axes
  6790 | D:8      | Reached **** piety under Makhleb
  6799 | D:8      | Got a heavily runed ring mail
  6825 | D:8      | Identified the cursed +0 ring mail "Qofithru" {rCorr} (You
                  | found it on level 8 of the Dungeon)
  7073 | D:8      | Noticed a lindwurm
  7087 | D:8      | Reached XP level 11. HP: 79/102 MP: 13/13
  7117 | D:8      | Found a runed translucent gate.
  7117 | D:8      | Found a runed translucent gate.
  7124 | D:8      | Found a runed translucent gate.
  7126 | D:8      | Noticed Ozzies's ghost (novice GrFi)
  7131 | D:8      | Identified the cursed +0 dire flail of Geantoj {spect,
                  | rElec rN+ MP+9 Dex+3}
  7131 | D:8      | Identified the +1 plate armour of Mesoaqog {rN++ Regen+
                  | Slay-2 Stlth+}
  7132 | D:8      | Found a roughly hewn altar of Beogh.
  7191 | D:8      | Noticed a lindwurm
  7228 | D:8      | Noticed a lindwurm
  7241 | D:8      | Noticed a lindwurm
  7368 | D:11     | Noticed a two-headed ogre
  7379 | D:11     | Killed a two-headed ogre
  7467 | D:11     | Killed a five-headed hydra
  7476 | D:11     | Bought a scroll of teleportation for 39 gold pieces
  7476 | D:11     | Bought a scroll of teleportation for 39 gold pieces
  7551 | D:11     | Found Mouschast's Armour Emporium.
  7554 | D:11     | Found Ceruymol's Book Boutique.
  7783 | D:11     | Found Doahidd's Gadget Shoppe.
  8035 | Lair:1   | Entered Level 1 of the Lair of Beasts
  8045 | Lair:1   | Reached skill level 13 in Axes
  8046 | Lair:1   | Noticed Fannar
  8063 | Lair:1   | Killed Fannar
  8063 | Lair:1   | Reached skill level 10 in Shields
  8269 | Lair:1   | Reached skill level 10 in Invocations
  8500 | Lair:1   | You fall into a shaft and drop 1 floor!
  8572 | Lair:2   | Reached XP level 12. HP: 47/112 MP: 13/13
  8623 | Lair:2   | Reached ***** piety under Makhleb
  8825 | Lair:2   | Reached skill level 14 in Axes
  8840 | Lair:2   | Found a hole to the Spider Nest.
  8981 | Lair:2   | Identified the Grimoire of Entrancing Flight
  9751 | Lair:3   | Noticed a seven-headed hydra
  9768 | Lair:3   | Killed a seven-headed hydra
 10230 | Lair:3   | You fall into a shaft and drop 1 floor!
 10234 | Lair:4   | Noticed a four-headed hydra
 10259 | Lair:4   | Killed a four-headed hydra
 10294 | Lair:4   | Reached skill level 15 in Axes
 10319 | Lair:4   | Noticed Sonja
 10327 | Lair:4   | Reached XP level 13. HP: 117/122 MP: 14/14
 10333 | Lair:4   | Killed Sonja
 10384 | Lair:4   | Found a staircase to the Swamp.
 10386 | Lair:4   | Killed from afar by a bog body

Illustrated notes

Levels and vault maps discovered:
D:1:      enne_arrival_octagon_isle, layout_basic, chequers_big_river
D:2:      layout_basic, serial_undead, serial_undead_b, serial_undead_a,
          serial_undead_e, serial_undead_e, minmay_pentomino_q2
D:3:      layout_basic, minmay_distorted
D:4:      minmay_polygon_palace, layout_basic, minmay_temple_entry_mini_moons,
          uniq_edmund
D:5:      minmay_general_purpose_star, layout_basic, serial_shops,
          nicolae_shop_overgrown_old_shop, serial_aquarium,
          aquarium_bridge_square [aquarium_subvault_bridge,
          aquarium_subvault_balcony, aquarium_subvault_wall,
          aquarium_subvault_bridge], aquarium_window_fake, aquarium_window_2,
          aquarium_view_2c, aquarium_view_2g, aquarium_pool_2
D:6:      layout_basic, overflow_temple_1_default, chequers_avenue, uniq_pikel
D:7:      cheibrodos_barr_body, layout_layer_cave, basic_altar
D:8:      layout_basic, biasface_ghost_orc_armoury, minmay_lindwurm_lava
D:9:      lemuel_ice_spiral_2, layout_basic, erik_lair_dragon, erik_orc_4
D:10:     layout_stronghold
D:11:     layout_gridville, serial_shops, nicolae_shop_stone, kennysheep_mini,
          shop, nicolae_shop_waterfront, nicolae_shop_statue_plus
Temple:   kilobyte_greek_temple
Lair:1:   layout_cave_shapes, columned_hall_lemuel, uniq_fannar
Lair:2:   layout_chaotic_city, nicolae_spider_entry_orb_guardian
Lair:3:   wad_woods_minihive, layout_cave_pods, minmay_lair_oklob_chamber
Lair:4:   layout_gridlike, nicolae_swamp_entry_splash_gauntlet,
          hibernation_bobbens, serial_bayou_shore_a, uniq_josephine, uniq_sonja

Skill      XL: |  1  2  3  4  5  6  7  8  9 10 11 12 13 |
---------------+----------------------------------------+-----
Axes           | 3 4 5 6 7 9 10 12 13 15 | 15.1
Fighting       | 3 4 5 6 7 8 9 |  9.8
Shields        | 4 5 7 8 9 10 11 | 11.5
Invocations    | 2 5 6 8 10 11 12 | 12.0
Armour         | |  3.2

Action                   |  1- 3 |  4- 6 |  7- 9 | 10-12 | 13-15 || total
-------------------------+-------+-------+-------+-------+-------++-------
Melee: War axe           |   114 |   146 |   451 |   783 |    18 ||  1512
       Flail             |       |       |       |    37 |       ||    37
Invok: Lesser Servant of |       |       |       |    12 |       ||    12
 Abil: Heal Wounds       |     1 |     4 |     3 |    18 |       ||    26
       Evoke Invisibilit |       |       |     1 |       |       ||     1
  Use: Potion            |       |     1 |     1 |       |       ||     2
       Scroll            |       |       |     3 |    16 |       ||    19
 Stab: Invisible         |       |       |     1 |       |       ||     1
       Distracted        |       |       |       |     5 |       ||     5
Armor: Scale mail        |    53 |    56 |    49 |       |       ||   158
       Chain mail        |       |       |   134 |   419 |     4 ||   557
Dodge: Dodged            |    49 |    58 |   139 |   237 |     3 ||   486
Block: Kite shield       |    78 |    90 |   260 |   592 |     9 ||  1029

Table legend: (Time is in decaauts)
 A = Elapsed time spent in this place.
 B = Non-inter-level travel time spent in this place.
 C = Inter-level travel time spent in this place.
 D = Time resting spent in this place.
 E = Time spent auto-exploring this place.
 F = Levels seen in this place.
 G = Mean time per level.
                   A        B        C        D        E       F      G
               +--------+--------+--------+--------+--------+-----+--------+
         Total |  10467 |   9805 |    662 |    413 |   6608 |  16 |  654.2 |
       Dungeon |   8018 |   7525 |    493 |    313 |   5042 |  11 |  728.9 |
        Temple |    171 |    129 |     42 |      0 |    121 |   1 |  171.0 |
          Lair |   2277 |   2150 |    127 |    100 |   1445 |   4 |  569.2 |
               +--------+--------+--------+--------+--------+-----+--------+

Top non-repeatable levels by time:
     D:9: 1130 daAuts
     D:7: 918 daAuts
  Lair:3: 891 daAuts
     D:6: 865 daAuts
    D:10: 812 daAuts
     D:5: 795 daAuts
  Lair:2: 784 daAuts
     D:4: 761 daAuts
     D:8: 720 daAuts
    D:11: 613 daAuts
     D:3: 576 daAuts
     D:2: 459 daAuts
  Lair:1: 459 daAuts
     D:1: 364 daAuts
  Temple: 171 daAuts
